 Dungeon Crawl Stone Soup version 0.29.1-1-gd02db6906a (webtiles) character file.

Game seed: 4607497282839639908

220341 Gabide the Imperceptible (level 19, -1/190 HPs)
             Began as a Naga Monk on Oct 13, 2022.
             Was the Champion of Dithmenos.
             Slain by a nagaraja
             ... wielding a +0 spear
              (37 damage)
             ... on level 4 of the Snake Pit on Oct 14, 2022.
             The game lasted 01:42:30 (37041 turns).

Gabide the Imperceptible (Naga Monk)               Turns: 37041, Time: 01:42:31

Health: -1/190     AC: 26    Str: 22    XL:     19   Next: 17%
Magic:  28/28      EV: 17    Int: 12    God:    Dithmenos [******]
Gold:   830        SH: 11    Dex: 26    Spells: 18/18 levels left

rFire   + . .      SeeInvis +   a - +8 quick blade (drain)
rCold   . . .      Faith    .   B - +4 buckler "Yffitze" {MP+9}
rNeg    . . .      Spirit   .   I - +4 troll leather armour {Snorg}
rPois   +          Reflect  .   Y - +0 mask of the Dragon {Will+ Slay+3 SInv}
rElec   +          Harm     .   f - +1 cloak of Sandy Salvation {Rampage Drain Regen+ Stlth+}
rCorr   .          Rampage  +   L - +1 pair of gloves of the Orcish Mines {rElec rPois Str+7 Int+4}
Will    ++++.                   Q - +4 barding Stlth ##********
                                G - amulet "Dukamy" {Will+ Regen+}
HPRegen 2.81/turn               W - +4 ring of slaying
MPRegen 0.21/turn               p - ring "Tuceh" {rElec rF+ Int-3 Dex+6 Stlth+}

@: lethally poisoned (-1 -> -3), about to teleport, weakened, wreathed by umbra,
constricted, very slow
A: AC +6, large, see invisible, deformed body, poison resistance, slowness 2,
spit poison 1, naga tail 2
}: 1/15 runes: barnacled
a: Spit Poison, Renounce Religion, Shadow Step, Shadow Form


You were on level 4 of the Snake Pit.
You worshipped Dithmenos.
Dithmenos was exalted by your worship.
You visited 5 branches of the dungeon, and saw 30 of its levels.
You also visited: Sewer and Ice Cave.

You collected 3443 gold pieces.
You spent 2613 gold pieces at shops.

Inventory:

Hand Weapons
 a - a +8 quick blade of draining (weapon)
 b - the +9 falchion of Ighott {freeze, rF+ rC+}
   (You found it on level 3 of the Lair of Beasts)

   It freezes those it strikes, dealing additional cold damage.
   It can also slow down cold-blooded creatures.
   rF:        It protects you from fire.
   rC:        It protects you from cold.
 i - the +7 great sword "Jaxkig" {elec, rPois SInv}
   (You took it off a merfolk aquamancer on level 4 of the Shoals)

   It occasionally discharges a powerful burst of electricity upon striking a
   foe.
   rPois:     It protects you from poison.
   SInv:      It lets you see invisible.
 J - a +0 double sword
 O - the +7 short sword of Terra Nullius {freeze, Stlth+}
   (You found it on level 12 of the Dungeon)

   It freezes those it strikes, dealing additional cold damage.
   It can also slow down cold-blooded creatures.
   Stlth:     It makes you more stealthy.
Missiles
 m - 7 throwing nets
 o - 6 boomerangs of dispersal
 q - 2 curare-tipped darts
 r - 2 silver javelins
 t - 3 datura-tipped darts
Armour
 f - the +1 cloak of Sandy Salvation (worn) {Rampage Drain Regen+ Stlth+}
   (You found it on level 5 of the Lair of Beasts)

   Regen:     It increases your rate of health regeneration.
   Drain:     It drains your maximum health when unequipped.
   Rampage:   It bestows one free step when moving towards enemies.
   Stlth:     It makes you more stealthy.
 B - the +4 buckler "Yffitze" (worn) {MP+9}
   (You bought it in a shop on level 2 of the Orcish Mines)

   MP:        It affects your magic capacity (+9).
 C - a +3 leather armour of cold resistance
 I - a +4 troll leather armour (worn) {Snorg}
 L - the +1 pair of gloves of the Orcish Mines (worn) {rElec rPois Str+7 Int+4}
   (You found it on level 7 of the Dungeon)

   Str:       It affects your strength (+7).
   Int:       It affects your intelligence (+4).
   rElec:     It insulates you from electricity.
   rPois:     It protects you from poison.
 Q - a +4 barding (worn)
 Y - the +0 mask of the Dragon (worn) {Will+ Slay+3 SInv}
   (You bought it in a shop on level 5 of the Dungeon)

   Slay:      It affects your accuracy & damage with ranged weapons and melee
   (+3).
   SInv:      It lets you see invisible.
   Will:      It increases your willpower.
Jewellery
 h - a ring of positive energy
 p - the ring "Tuceh" (right hand) {rElec rF+ Int-3 Dex+6 Stlth+}
   (You acquired it on level 14 of the Dungeon)

   [ring of dexterity]

   Int:       It affects your intelligence (-3).
   Dex:       It affects your dexterity (+6).
   rF:        It protects you from fire.
   rElec:     It insulates you from electricity.
   Stlth:     It makes you more stealthy.
 G - the amulet "Dukamy" (around neck) {Will+ Regen+}
   (You found it in an ice cave)

   [amulet of regeneration]

   Regen:     It increases your rate of health regeneration.
   Will:      It increases your willpower.
 N - the ring of Jydunes {rF+ MP+9}
   (You took it off a merfolk aquamancer on level 4 of the Shoals)

   [ring of magical power]

   rF:        It protects you from fire.
   MP:        It affects your magic capacity (+9).
 R - the amulet of Ufuyz {Reflect rPois SH+5}
   (You found it on level 3 of the Lair of Beasts)

   [amulet of reflection]

   It reflects blocked missile attacks.
   rPois:     It protects you from poison.
   SH:        It affects your SH (+5).
 U - a ring of willpower
 W - a +4 ring of slaying (left hand)
Wands
 E - a wand of roots (24)
 H - a wand of acid (4)
 M - a wand of mindburst (16)
 P - a wand of flame (21)
Scrolls
 e - 3 scrolls of silence
 l - 4 scrolls of magic mapping
 s - 12 scrolls of teleportation
 x - 5 scrolls of butterflies
 y - 4 scrolls of blinking
 A - a scroll of summoning
 D - 4 scrolls of poison
 K - 6 scrolls of fear
 S - 7 scrolls of amnesia
 X - 2 scrolls of vulnerability
Potions
 c - 4 potions of ambrosia
 d - 5 potions of haste
 g - 3 potions of berserk rage
 j - 4 potions of heal wounds
 k - 4 potions of magic
 n - 8 potions of brilliance
 u - 8 potions of mutation
 v - 12 potions of curing
 w - 5 potions of flight
 z - 5 potions of might
 F - 6 potions of attraction
 T - 7 potions of lignification
 Z - 2 potions of resistance
Miscellaneous
 V - a condenser vane


   Skills:
 + Level 16.8 Fighting
 + Level 16.8 Short Blades
 - Level 2.0 Throwing
 - Level 5.0 Armour
 + Level 15.0 Dodging
 + Level 24.5 Stealth
 - Level 5.0 Shields
 - Level 2.0 Evocations


You had 18 spell levels left.
You didn't know any spells.
Your spell library contained the following spells:

 Spells                   Type           Power      Damage    Failure   Level
 Sandblast                Erth           0%         2d4       43%         1
 Slow                     Hex            0%         N/A       43%         1
 Sting                    Tmut/Pois      0%         1d3       43%         1
 Summon Small Mammal      Summ           0%         N/A       43%         1
 Ensorcelled Hibernation  Hex/Ice        0%         N/A       56%         2
 Passwall                 Tmut/Erth      0%         N/A       56%         2
 Poisonous Vapours        Pois/Air       0%         N/A       56%         2
 Call Canine Familiar     Summ           0%         N/A       80%         3
 Confusing Touch          Hex            0%         N/A       80%         3
 Dazzling Flash           Conj/Hex       0%         N/A       80%         3
 Gell's Gravitas          Tloc           0%         N/A       80%         3
 Ozocubu's Armour         Ice            0%         N/A       80%         3
 Stone Arrow              Conj/Erth      0%         3d7       80%         3
 Summon Guardian Golem    Hex/Summ       0%         N/A       80%         3
 Swiftness                Air            0%         N/A       80%         3
 Teleport Other           Tloc           0%         N/A       80%         3
 Vampiric Draining        Necr           0%         2d6       80%         3
 Animate Armour           Summ/Erth      0%         N/A       99%         4
 Animate Dead             Necr           0%         N/A       99%         4
 Cause Fear               Hex            0%         N/A       99%         4
 Hailstorm                Conj/Ice       0%         3d3       99%         4
 Ice Form                 Ice/Tmut       0%         N/A       99%         4
 Iskenderun's Mystic Bla  Conj/Tloc      0%         2d3       99%         4
 Olgreb's Toxic Radiance  Pois           0%         N/A       99%         4
 Passage of Golubria      Tloc           0%         N/A       99%         4
 Alistair's Intoxication  Tmut/Pois      0%         N/A       100%        5
 Blade Hands              Tmut           0%         N/A       100%        5
 Borgnjor's Vile Clutch   Necr/Erth      0%         N/A       100%        5
 Fireball                 Conj/Fire      0%         3d3       100%        5
 Irradiate                Conj/Tmut      0%         3d11      100%        5
 Iskenderun's Battlesphe  Conj           0%         2d6       100%        5
 Metabolic Englaciation   Hex/Ice        0%         N/A       100%        5
 Silence                  Hex/Air        0%         N/A       100%        5
 Conjure Ball Lightning   Conj/Air       0%         3x3d6     100%        6
 Dispersal                Tloc           0%         N/A       100%        6
 Eringya's Noxious Bog    Tmut/Pois      0%         N/A       100%        6
 Iron Shot                Conj/Erth      0%         9d1       100%        6
 Simulacrum               Ice/Necr       0%         N/A       100%        6
 Starburst                Conj/Fire      0%         6d3       100%        6
 Dragon Form              Tmut           0%         N/A       100%        7
 Haunt                    Necr/Summ      0%         N/A       100%        7
 Orb of Destruction       Conj           0%         9d5       100%        7
 Ozocubu's Refrigeration  Ice            0%         4d7       100%        7
 Spellforged Servitor     Conj/Summ      0%         N/A       100%        7
 Infestation              Necr           0%         N/A       100%        8
 Lehudib's Crystal Spear  Conj/Erth      0%         10d2      100%        8
 Dragon's Call            Summ           0%         N/A       100%        9


Dungeon Overview and Level Annotations

Branches:
Dungeon (15/15)            Temple (0/1) D:6            Lair (5/5) D:8
 Shoals (4/4) Lair:3        Snake (4/4) Lair:2        Slime (0/5) Lair:5
    Orc (2/2) D:12            Elf (0/3) Orc:2        Vaults (0/5) D:13
 Depths (0/4) D:15          Sewer (visited)           IceCv (visited)

Altars:
Cheibriados
Dithmenos
Fedhas
Gozag
Kikubaaqudgha
Makhleb
Nemelex Xobeh
Okawaru
Qazlal
Sif Muna
Uskayaw
Wu Jian
Xom
Yredelemnul
Zin
The Shining One
Jiyva

Shops:
D:3 *   D:5 *[=   D:6 *!:   D:14 *   Orc:2 *[([   Snake:1 ***

Annotations:
D:12 2 runed translucent doors
Shoals:2 2 transporters, sm0rk's ghost, adept PaBe


Innate Abilities, Weirdness & Mutations

Your serpentine skin is tough. (AC +6)
You have supernaturally acute eyesight. (SInv)
Armour fits poorly on your strangely shaped body.
Your system is resistant to poisons. (rPois)
You cover ground very slowly.
You can spit poison.
You can use your snake-like lower body to constrict enemies.


Message History

The nagaraja gestures wildly while chanting.
The nagaraja seems to speed up.
The mana viper hisses angrily.
Unknown command.
You hit the naga warrior.
The naga warrior is almost dead.
Your shadow hits the naga warrior but does no damage.
You constrict the naga warrior.
You feel sick. The nagaraja hits you with a +0 club!
The naga warrior closely misses you.
Unknown command.
You hit the naga warrior.
The naga warrior is almost dead.
You constrict the naga warrior.
You feel sick. You block the nagaraja's attack.
You block the naga warrior's attack. The naga warrior constricts you.
Unknown command.
You puncture the naga warrior!
You kill the naga warrior!
Dithmenos accepts your kill.
You feel sick.
You are more poisoned.
The nagaraja hits you but does no damage.
Unknown command.
You hit the naga warrior but do no damage.
You grab the naga warrior.
Your shadow hits the naga warrior but does no damage.
You constrict the naga warrior.
You feel sick.
The nagaraja hits you from afar with a +0 spear.
* * * LOW HITPOINT WARNING * * *
The naga warrior spits poison at you. You block the splash of poison.
The naga warrior constricts you.
The nagaraja gestures at you while chanting.
The poison arrow hits you!!
You are more poisoned.
You partially resist.
* * * LOW HITPOINT WARNING * * *
As you read the scroll of teleportation, it crumbles to dust.
You feel strangely unstable.
You constrict the naga warrior.
You feel very sick.
The nagaraja hits you from afar with a +0 spear!!!
You die...

###.......................
...................)......
.............)))...#.......
.............)))...).......
####......######...[..#####
######## #..)...# #).[[..#
#.)#)).# #@)....# #NN...)#
### ..NS....... ###..N.
..N....N...#.. ###...N.N.
....S......# ...
##.NS....N. ......S..... .#
#§§SN....N.#####......### #
#§§SN...### #......#
..§#.S.##


You could see 2 nagarajas, a naga warrior, an anaconda, a naga ritualist
(strong, toxic aura), 2 mana vipers and a naga (strong).

Vanquished Creatures
  Rupert (Lair:5)
  Mlioglotl (Snake:3)
  A tengu reaver (D:14)
  Kirke (D:15)
  7 nagarajas
  Donald (Snake:2)
  A storm dragon (Shoals:4)
  A draconian knight (IceCv)
  The ghost of Utsis the Covert, a journeyman DsIE of Uskayaw (Snake:3)
  A very ugly thing (D:14)
  The ghost of Laowois the Severer, a journeyman MiBe of Trog (D:14)
  5 white draconians (IceCv)
  Snorg (Orc:2)
  2 fire dragons
  9 merfolk impalers
  4 merfolk javelineers
  Josephine (Orc:2)
  Harold (D:11)
  2 salamander tyrants (Snake:4)
  A yaktaur captain (D:14)
  9 hydras
  A rakshasa (D:12)
  5 boulder beetles
  5 centaur warriors
  A death knight (D:15)
  6 two-headed ogres
  2 merfolk avatars
  A catoblepas (Lair:3)
  13 anacondas
  3 satyrs
  6 merfolk aquamancers
  20 naga warriors
  4 tengu warriors
  6 shock serpents
  6 death yaks
  An iron troll (D:13)
  7 naga sharpshooters
  2 salamander mystics
  16 sea snakes
  2 skeletal warriors (D:15)
  An orange crystal statue (IceCv)
  A wizard (D:15)
  A phantasmal warrior (D:15)
  4 orc knights
  7 naga ritualists
  4 harpies
  A lindwurm (Lair:5)
  A necromancer (D:15)
  5 deep elf pyromancers
  10 mana vipers
  2 ugly things (D:12)
  A wolf spider zombie (D:15)
  An orc sorcerer (Orc:2)
  2 deep elf zephyrmancers (D:15)
  12 cyclopes
  10 slime creatures (D:15)
  13 manticores
  12 fauns
  13 elephants
  12 salamanders
  4 merfolk sirens (Shoals:4)
  A torpor snail (Lair:3)
  3 guardian serpents
  14 water nymphs
  15 cane toads
  36 black mambas
  17 naga magi
  3 gargoyles
  3 molten gargoyles (Lair:5)
  9 storm dragon simulacra (IceCv)
  A cane toad (shapeshifter) (D:15)
  An efreet (D:15)
  An unseen horror (D:12)
  The ghost of Colgate the Frost Mage, a novice BaIE (D:5)
  3 orange demons (D:13)
  5 rime drakes
  15 komodo dragons
  2 tengu conjurers
  3 golden dragon simulacra (IceCv)
  A freezing wraith (D:13)
  3 meliai (D:15)
  4 trolls
  4 red devils (D:13)
  17 merfolk
  A polar bear (Lair:3)
  9 wind drakes
  20 blink frogs
  Grinder (D:4)
  12 snapping turtles
  21 dream sheep
  25 water elementals
  2 shadows
  A culicivora (shapeshifter) (D:13)
  A centaur simulacrum (D:15)
  A hog (shapeshifter) (D:14)
  12 wyverns
  5 air elementals (Shoals:4)
  34 yaks
  5 wraiths (Orc:2)
  A hog (D:15)
  A human (shapeshifter) (D:13)
  5 basilisks
  3 steam dragons
  4 vampire mosquitoes (D:11)
  4 wargs
  43 nagas
  3 acid dragons
  Duvessa (D:4)
  9 water moccasins
  31 orc warriors
  2 hornet zombies
  4 ice beasts
  2 sky beasts
  4 ice dragon simulacra (IceCv)
  A swamp drake (D:12)
  5 black bears
  2 ogres
  30 centaurs
  5 wolves (Lair:1)
  A phantom (D:5)
  The ghost of decrepitue the Magician, an amateur OpFE (D:3)
  3 kobold brigands
  9 bullfrogs
  A gnoll sergeant (D:12)
  5 scorpions
  A necrophage (D:7)
  12 wights
  A wyvern skeleton (D:5)
  Dowan (D:4)
  2 killer bees (D:9)
  5 lindwurm simulacra (IceCv)
  7 electric eels
  6 howler monkeys
  7 lava snakes
  A bullfrog zombie (D:5)
  A centaur zombie (D:3)
  17 orc priests
  3 hounds (D:5)
  3 jellies
  3 bullfrog skeletons
  2 iguanas
  Natasha (thrice) (D:2)
  35 orc wizards
  A boggart skeleton (D:15)
  9 gnolls
  4 adders
  2 shadow imps
  A white imp (D:7)
  2 ufetubi
  2 worms
  A dart slug (D:4)
  86 orcs
  7 bats
  2 endoplasms (D:1)
  7 giant cockroaches
  6 goblins
  2 hobgoblins
  3 quokkas
  11 ball pythons
  3 frilled lizards
  34 kobolds
  9 rats
1070 creatures vanquished.

Vanquished Creatures (collateral kills)
  2 hell hounds (Lair:5)
2 creatures vanquished.

Vanquished Creatures (others)
  A cyclops (D:14)
  4 humans (D:15)
  2 hell hounds (Lair:5)
  16 fungi
  120 plants
143 creatures vanquished.

Grand Total: 1215 creatures vanquished

Notes
Turn   | Place    | Note
-------+----------+-------------------------------------------
     0 | D:1      | Gabide the Naga Monk began the quest for the Orb.
     0 | D:1      | Reached XP level 1. HP: 21/21 MP: 1/1
   429 | D:1      | Found a faded altar of an unknown god.
   495 | D:1      | Reached XP level 2. HP: 28/28 MP: 2/2
   975 | D:1      | Reached XP level 3. HP: 34/34 MP: 3/3
  1502 | D:2      | Noticed Natasha
  1512 | D:2      | Killed Natasha
  1656 | D:2      | Reached XP level 4. HP: 37/42 MP: 4/4
  1976 | D:2      | Noticed Natasha
  1987 | D:2      | Reached skill level 4 in Stealth
  2080 | D:2      | Killed Natasha
  2170 | D:2      | Noticed Natasha
  2184 | D:2      | Killed Natasha
  2185 | D:2      | Reached XP level 5. HP: 35/50 MP: 5/5
  2583 | D:3      | Found an ancient bone altar of Kikubaaqudgha.
  2641 | D:3      | Found Miriuxoi's General Store.
  2660 | D:3      | Reached skill level 5 in Stealth
  2666 | D:3      | Found a runed translucent gate.
  2666 | D:3      | Found a runed translucent gate.
  2667 | D:3      | Found a sparkling altar of Nemelex Xobeh.
  2667 | D:3      | Found a runed translucent gate.
  2677 | D:3      | Noticed decrepitue's ghost (amateur OpFE)
  3471 | D:4      | Noticed Grinder
  3497 | D:3      | Bought a scroll of magic mapping for 97 gold pieces
  3609 | D:4      | Found an iron altar of Okawaru.
  3616 | D:4      | Reached XP level 6. HP: 57/57 MP: 6/6
  3661 | D:4      | Found a glowing drain.
  3667 | Sewer    | Entered a sewer
  3737 | Sewer    | Reached skill level 6 in Stealth
  4132 | D:4      | Noticed Duvessa
  4133 | D:4      | Noticed Dowan
  4148 | D:4      | Killed Duvessa
  4149 | D:4      | Reached XP level 7. HP: 44/64 MP: 7/7
  4159 | D:4      | Killed Dowan
  4384 | D:4      | Reached skill level 1 in Armour
  4384 | D:4      | Reached skill level 7 in Stealth
  4686 | D:4      | Paralysed by Grinder for 2 turns
  4688 | D:4      | Killed Grinder
  4689 | D:4      | Reached skill level 5 in Short Blades
  4795 | D:4      | Noticed a steam dragon
  4817 | D:4      | Killed a steam dragon
  4818 | D:4      | Reached XP level 8. HP: 19/73 MP: 8/8
  5290 | D:5      | Entered Level 5 of the Dungeon
  5290 | D:5      | Noticed a two-headed ogre
  5290 | D:5      | Found Cozaamo's Assorted Antiques.
  5297 | D:5      | Killed a two-headed ogre
  5298 | D:5      | Reached skill level 5 in Fighting
  5298 | D:5      | Reached skill level 5 in Dodging
  5298 | D:5      | Reached skill level 8 in Stealth
  5448 | D:5      | Found a blossoming altar of Fedhas.
  5505 | D:5      | Found a shimmering blue altar of Sif Muna.
  5545 | D:5      | Noticed Colgate's ghost (novice BaIE)
  5546 | D:5      | Found a transporter.
  5551 | D:5      | Found a transporter.
  5610 | D:5      | Reached XP level 9. HP: 82/82 MP: 9/9
  5728 | D:5      | Found a burning altar of Makhleb.
  5787 | D:5      | Found an ornate altar of the Wu Jian Council.
  5861 | D:5      | Reached skill level 1 in Throwing
  6013 | D:5      | Reached skill level 1 in Evocations
  6191 | D:5      | Bought a pair of embroidered gloves for 202 gold pieces
  6212 | D:5      | Found Plog's Armour Shop.
  6339 | D:5      | Found Ypsud's One-of-a-Kind Rings.
  7064 | D:6      | Found Durchis's Book Boutique.
  7149 | D:6      | Found a glowing silver altar of Zin.
  7256 | D:6      | Found Zuawn's Distillery.
  7582 | D:6      | Found a shadowy altar of Dithmenos.
  7636 | D:6      | Became a worshipper of Dithmenos the Shadowed
  7636 | D:6      | Reached * piety under Dithmenos
  7636 | D:6      | Reached ** piety under Dithmenos
  7698 | D:6      | Found Taetta's General Store.
  7730 | D:6      | Found a staircase to the Ecumenical Temple.
  8545 | D:7      | Reached skill level 9 in Stealth
  8605 | D:7      | Identified the +1 pair of gloves of the Orcish Mines {rElec
                  | rPois Str+7 Int+4}
  8646 | D:7      | Identified the ring of Xiareac {+Blink rPois rCorr}
  8745 | D:7      | Found a large runed translucent door.
  8746 | D:7      | Found a large runed translucent door.
  8800 | D:7      | Reached XP level 10. HP: 32/92 MP: 10/10
  9135 | D:7      | Found a glowing golden altar of the Shining One.
  9331 | D:7      | Found a snail-covered altar of Cheibriados.
  9353 | D:7      | Found a basalt altar of Yredelemnul.
  9394 | D:8      | Found a staircase to the Lair.
  9410 | D:8      | Reached skill level 10 in Stealth
  9806 | D:8      | Reached *** piety under Dithmenos
  9863 | D:8      | Noticed a two-headed ogre
  9869 | D:8      | Reached skill level 11 in Stealth
  9870 | D:8      | Killed a two-headed ogre
 10192 | D:8      | Found a hide-covered altar of Uskayaw.
 10715 | D:9      | Found a stormy altar of Qazlal.
 10932 | D:9      | Reached XP level 11. HP: 103/103 MP: 11/11
 11269 | D:9      | Identified the ring "Goregrid" {Ice +Blink Will+ Str+2
                  | Dex+3}
 11769 | D:9      | Reached skill level 12 in Stealth
 11999 | D:9      | Found a broken altar of Ashenzari.
 12002 | D:9      | Found a hide-covered altar of Uskayaw.
 12002 | D:9      | Found a stormy altar of Qazlal.
 12004 | D:9      | Found a shimmering altar of Xom.
 12004 | D:9      | Found an opulent altar of Gozag.
 12004 | D:9      | Found a snail-covered altar of Cheibriados.
 12213 | D:10     | Entered Level 10 of the Dungeon
 13306 | D:5      | Bought the +0 mask of the Dragon {Will+ Slay+3 SInv} for
                  | 367 gold pieces
 13306 | D:5      | Found the +0 mask of the Dragon {Will+ Slay+3 SInv}
 13372 | D:5      | Killed Colgate's ghost
 13589 | D:3      | Killed decrepitue's ghost
 14235 | D:11     | Noticed a two-headed ogre
 14242 | D:11     | Killed a two-headed ogre
 14247 | D:11     | Noticed Harold
 14262 | D:11     | Killed Harold
 14263 | D:11     | Reached skill level 13 in Stealth
 14263 | D:11     | Noticed a boulder beetle
 14510 | D:10     | Killed a boulder beetle
 14775 | D:11     | Reached skill level 1 in Shields
 14796 | D:11     | Reached **** piety under Dithmenos
 14809 | D:11     | Noticed a cyclops
 14821 | D:11     | Killed a cyclops
 15633 | D:12     | Found a staircase to the Orcish Mines.
 15792 | Lair:1   | Entered Level 1 of the Lair of Beasts
 15807 | Lair:1   | Reached XP level 12. HP: 114/114 MP: 12/12
 16238 | Lair:1   | Noticed a seven-headed hydra
 16243 | Lair:1   | Killed a seven-headed hydra
 16399 | Lair:1   | Reached skill level 5 in Shields
 16410 | Lair:1   | Reached skill level 5 in Armour
 17440 | Lair:2   | Found a staircase to the Snake Pit.
 18212 | Lair:2   | You fall into a shaft and drop 1 floor!
 18490 | Lair:3   | Reached skill level 14 in Stealth
 18885 | Lair:3   | Identified the amulet of Ufuyz {Reflect rPois SH+5}
 18970 | Lair:3   | Gained mutation: You can use your snake-like lower body to
                  | constrict enemies. [Naga growth]
 18970 | Lair:3   | Reached XP level 13. HP: 123/123 MP: 13/13
 18972 | Lair:3   | Reached skill level 10 in Fighting
 18972 | Lair:3   | Reached skill level 10 in Short Blades
 19081 | Lair:3   | Reached skill level 10 in Dodging
 19081 | Lair:3   | Reached skill level 15 in Stealth
 19097 | Lair:3   | Reached ***** piety under Dithmenos
 19468 | Lair:3   | Identified the +9 falchion of Ighott {freeze, rF+ rC+}
 19676 | Lair:3   | Found a staircase to the Shoals.
 21004 | Lair:4   | Reached skill level 16 in Stealth
 21536 | Lair:5   | Entered Level 5 of the Lair of Beasts
 21545 | Lair:4   | Reached XP level 14. HP: 135/135 MP: 14/14
 22041 | Lair:5   | Noticed Rupert
 22053 | Lair:5   | Reached skill level 17 in Stealth
 22060 | Lair:5   | Killed Rupert
 22243 | Lair:5   | Found a large runed translucent door.
 22941 | Lair:5   | Found a viscous altar of Jiyva.
 22942 | Lair:5   | Found a staircase to the Slime Pits.
 23223 | Lair:5   | Identified the +1 cloak of Sandy Salvation {Rampage Drain
                  | Regen+ Stlth+}
 23432 | Lair:5   | Found a large runed translucent door.
 23819 | D:12     | Reached ****** piety under Dithmenos
 23845 | D:12     | Found a large runed translucent door.
 23845 | D:12     | Found a large runed translucent door.
 23849 | D:12     | Found a large runed translucent door.
 23849 | D:12     | Found a large runed translucent door.
 23886 | D:12     | Reached skill level 18 in Stealth
 24087 | D:12     | Identified the +7 short sword of Terra Nullius {freeze,
                  | Stlth+}
 24260 | D:12     | Reached XP level 15. HP: 146/146 MP: 15/15
 25187 | D:13     | Found a gate to the Vaults.
 25342 | D:13     | Identified the +4 quarterstaff of Melee {vorpal, rPois rF++
                  | rCorr Dex-3}
 25554 | D:14     | Reached skill level 19 in Stealth
 25583 | D:14     | Found a frozen archway.
 25592 | IceCv    | Entered an ice cave
 25884 | IceCv    | Noticed a white draconian knight
 25894 | IceCv    | Killed a white draconian knight
 25902 | IceCv    | Identified the amulet "Dukamy" {Will+ Regen+}
 25908 | IceCv    | Identified the ring of the Past {rPois rF+ rCorr Str-3
                  | Int+8}
 26252 | IceCv    | Identified a scroll of acquirement
 26259 | IceCv    | Acquired a +5 quick blade
 26583 | D:14     | You fall into a shaft and drop 1 floor!
 26583 | D:15     | Entered Level 15 of the Dungeon
 26824 | D:15     | Noticed Kirke
 26829 | D:15     | Killed Kirke
 27027 | D:15     | Reached XP level 16. HP: 137/158 MP: 16/16
 27060 | D:15     | Reached skill level 20 in Stealth
 27256 | D:15     | Found a staircase to the Depths.
 27773 | D:14     | Found a runed translucent gate.
 27774 | D:14     | Found a runed translucent gate.
 27774 | D:14     | Found a runed translucent gate.
 27775 | D:14     | Found an opulent altar of Gozag.
 27775 | D:14     | Found Uhiske's Assorted Antiques.
 27775 | D:14     | Noticed a tengu reaver
 27777 | D:14     | Noticed Laowois's ghost (journeyman MiBe)
 28104 | D:14     | Killed a tengu reaver
 28190 | D:14     | Killed Laowois's ghost
 28450 | D:14     | Bought a scroll of acquirement for 1404 gold pieces
 28450 | D:14     | Acquired the ring "Tuceh" {rElec rF+ Int-3 Dex+6 Stlth+}
 28587 | Orc:1    | Entered Level 1 of the Orcish Mines
 28898 | Orc:2    | Entered Level 2 of the Orcish Mines
 29000 | Orc:2    | Found a staircase to the Elven Halls.
 29007 | Orc:2    | Noticed Josephine
 29011 | Orc:2    | Killed Josephine
 29020 | Orc:2    | Noticed Snorg
 29039 | Orc:2    | Killed Snorg
 29469 | Orc:2    | Found Meill's Weapon Shop.
 29469 | Orc:2    | Found Fuxta's Antique Armour Emporium.
 29471 | Orc:2    | Found Nauhinwo's General Store.
 29473 | Orc:2    | Found Casu's Antique Armour Boutique.
 29485 | Orc:2    | Bought a faintly humming buckler for 199 gold pieces
 29485 | Orc:2    | Identified the +4 buckler "Yffitze" {MP+9} (You bought it
                  | in a shop on level 2 of the Orcish Mines)
 29505 | Orc:2    | Bought a scroll of enchant armour for 97 gold pieces
 29965 | Shoals:1 | Entered Level 1 of the Shoals
 30511 | Shoals:2 | Reached skill level 21 in Stealth
 30767 | Shoals:2 | Noticed sm0rk's ghost (adept PaBe)
 30836 | Shoals:2 | Found a transporter.
 30846 | Shoals:2 | Found a transporter.
 31319 | Shoals:2 | Reached XP level 17. HP: 168/168 MP: 17/17
 31675 | Shoals:3 | Reached skill level 15 in Fighting
 32015 | Shoals:4 | Entered Level 4 of the Shoals
 32015 | Shoals:4 | Found a blossoming altar of Fedhas.
 32019 | Shoals:4 | Reached skill level 15 in Short Blades
 32129 | Shoals:3 | Reached skill level 22 in Stealth
 32485 | Shoals:4 | Identified the +7 great sword "Jaxkig" {elec, rPois SInv}
 32485 | Shoals:4 | Identified the ring of Jydunes {rF+ MP+9}
 32599 | Shoals:4 | Got a barnacled rune of Zot
 32754 | Shoals:4 | Identified the +7 whip of the Sandy God {flame, rC+ rN+
                  | Dex+3 Stlth-}
 32920 | Shoals:4 | Paralysed by an air elemental for 1 turns
 33018 | Shoals:4 | Paralysed by an air elemental for 1 turns
 33034 | Shoals:4 | Paralysed by an air elemental for 1 turns
 33090 | Shoals:4 | Paralysed by an air elemental for 1 turns
 33253 | Snake:1  | Entered Level 1 of the Snake Pit
 33351 | Snake:1  | Found Ischuylem's General Store.
 33353 | Snake:1  | Found Wagoahiq's Assorted Antiques.
 33355 | Snake:1  | Found Isimoith's Assorted Antiques.
 33365 | Snake:1  | Bought a scroll of enchant weapon for 247 gold pieces
 33779 | Snake:1  | Reached XP level 18. HP: 181/181 MP: 18/18
 34041 | Snake:1  | Reached skill level 23 in Stealth
 34884 | Snake:2  | Noticed Donald
 34888 | Snake:2  | Killed Donald
 35454 | Snake:3  | Found a runed translucent gate.
 35455 | Snake:3  | Found a runed translucent gate.
 35456 | Snake:3  | Found a runed translucent gate.
 35466 | Snake:3  | Noticed Utsis's ghost (journeyman DsIE)
 35553 | Snake:3  | Noticed Mlioglotl
 35562 | Snake:3  | Killed Mlioglotl
 36345 | Snake:3  | Killed Utsis's ghost
 36375 | Snake:3  | Reached skill level 24 in Stealth
 36420 | Snake:3  | Identified the +2 pair of boots of Layzasim {rElec rF+++
                  | rC- Str-2}
 36440 | Snake:4  | Entered Level 4 of the Snake Pit
 36672 | Snake:4  | Reached XP level 19. HP: 134/190 MP: 19/19
 36846 | Snake:4  | Reached skill level 15 in Dodging
 37041 | Snake:4  | Slain by a nagaraja

Illustrated notes

Levels and vault maps discovered:
D:1:      sevenhm_arrival_forest_fort_small_3, layout_basic,
          ebering_ecumenical_altar_sacrificial, minmay_indecisive_spiral
D:2:      layout_basic, uniq_natasha
D:3:      layout_loops_cross, nemelex_xobeh_ov_fountains_minmay,
          mainiacjoe_overflow_cross_hatched, serial_shops, shop_fountains,
          gammafunk_ghost_necromancy, chequers_decorated_corner, grunt_decor_cap
D:4:      layout_basic, mainiacjoe_overflow_boulevard, gup_sewer_entry_bubbles,
          uniq_grinder, uniq_duvessa
D:5:      layout_loops_corners, fedhas_altar_2, nicolae_overflow_hidden_temple,
          nicolae_sif_muna_condensation, makhleb_blood_cavern_becter,
          serial_shops, shop_fountains, gammafunk_ghost_mausoleum,
          nicolae_stop_n_shop_1, st_stairs_12, nicolae_shop_unique_rings,
          kennysheep_donut
D:6:      layout_gridville, mainiacjoe_overflow_24_doors,
          mainiacjoe_overflow_alcove_2, minmay_temple_entry_arrows,
          serial_shops, nicolae_shop_crystal, shop, shop, minmay_misc_feat_five,
          nicolae_fountain_basement
D:7:      layout_basic, nicolae_tso_swordbearing_angel, jmf_multi_god_temple2
D:8:      layout_cave_pools, mainiacjoe_overflow_brackets,
          minmay_lair_entry_grove, kennysheep_cross_room, st_stairs_10
D:9:      layout_irregular_city, general_overflow_altar, doesnt_xom_only_xom,
          minmay_misc_feat_secret_circle
D:10:     layout_basic, kennysheep_flooded_box, nicolae_sextant
D:11:     layout_layer_cave, serial_glass, glass_columns_c, glass_columns_b,
          glass_columns_b, glass_columns_b, glass_columns_a, glass_columns_c,
          glass_columns_a, glass_columns_b, glass_columns_c, glass_columns_a,
          uniq_harold
D:12:     layout_gridville, erik_orc_1, nicolae_lava_and_water,
          minmay_hollow_rounded_squares
D:13:     layout_small_grid, david_vaults_4, minmay_beelzebubs_servants
D:14:     layout_stronghold, ebering_ghost_gozag,
          portal_ice_cave_entry_pillars_2, chequers_serial_rivers_small_b
D:15:     grunt_enter_depths_magical_seal, layout_long_grid, minmay_door_square,
          serial_glass, glass_columns_a, glass_columns_a, uniq_kirke
Lair:1:   layout_cave_pods
Lair:2:   layout_cave_pods, guppyfry_snake_entry_garden,
          chequers_serial_rivers_small_3
Lair:3:   nzn_winding_woodlands_medium [nzn_winding_woodlands_5x5_closed_star,
          nzn_winding_woodlands_5x15_pool, nzn_winding_woodlands_5x5_default,
          nzn_winding_woodlands_hourglass, nzn_winding_woodlands_center_lodge,
          nzn_winding_woodlands_5x5_default, nzn_winding_woodlands_5x5_default,
          nzn_winding_woodlands_5x15_garden,
          nzn_winding_woodlands_5x5_checkerboard], layout_small_grid,
          minmay_shoals_entry_centaurs, beast_lair_carwin_6,
          infiniplex_staircase_pool_2, serial_bayou_shore_a
Lair:4:   layout_hall_layers, grunt_megastairs_3
Lair:5:   cheibrodos_lair_end_hotspot, layout_regular_city, slime_entry_1,
          uniq_rupert
Shoals:1: layout_shoals
Shoals:2: layout_shoals, gammafunk_ghost_arena
Shoals:3: layout_shoals
Shoals:4: shoals_end_hellmonk_storm_palace [storm_palace_center_ruins,
          storm_palace_corner_grid, storm_palace_corner_blocked,
          storm_palace_corner_altar, storm_palace_corner_reverse_hut]
Snake:1:  layout_layer_cave, serial_bayou_lake_a, serial_bayou_shore_b,
          minmay_shop_star
Snake:2:  layout_grid_shapes, drop_trap, uniq_donald
Snake:3:  layout_chambers, gammafunk_ghost_split, uniq_mlioglotl
Snake:4:  minmay_snake_end_coiled, layout_rooms,
          nicolae_snake_snakes_in_the_grass
Orc:1:    layout_caves
Orc:2:    st_orc_rangers, layout_diamond_mine, uniq_snorg, uniq_josephine

Skill      XL: |  1  2  3  4  5  6  7  8  9 10 11 12 13 14 15 16 17 18 19 |
---------------+----------------------------------------------------------+-----
Stealth        | 4 5 6 7 8 9 11 13 14 16 18 19 21 22 24 | 24.5
Short Blades   | 4 5 6 8 9 11 12 13 14 15 16 | 16.8
Dodging        | 3 5 6 7 9 10 11 12 13 14 15 | 15.0
Fighting       | 4 5 6 8 9 11 12 13 14 15 16 | 16.8
Armour         | 1 2 3 4 5 |  5.0
Throwing       | 2 |  2.0
Evocations     | 2 |  2.0
Shields        | 3 5 |  5.0

Action                   |  1- 3 |  4- 6 |  7- 9 | 10-12 | 13-15 | 16-18 | 19-21 || total
-------------------------+-------+-------+-------+-------+-------+-------+-------++-------
Melee: Short sword       |    57 |   144 |   253 |   709 |   394 |       |       ||  1557
       Punch             |       |     1 |     4 |     7 |       |       |       ||    12
       Dagger            |       |       |    49 |     7 |       |       |       ||    56
       Double sword      |       |       |       |    49 |    16 |       |       ||    65
       Long sword        |       |       |       |     3 |       |       |       ||     3
       Falchion          |       |       |       |       |   378 |    80 |       ||   458
       Constrict         |       |       |       |       |   126 |   220 |    34 ||   380
       Quick blade       |       |       |       |       |   114 |  1336 |   169 ||  1619
Throw: Boomerang         |       |       |     1 |       |       |       |       ||     1
       Dart              |       |       |       |     2 |     5 |       |       ||     7
Invok: Shadow Step       |       |       |       |     1 |       |       |       ||     1
 Abil: Spit Poison       |    28 |    22 |    15 |     4 |     8 |     4 |       ||    81
Evoke: Wand              |       |       |     1 |    10 |       |     5 |       ||    16
       Box of beasts     |       |       |       |       |     1 |       |       ||     1
  Use: Scroll            |       |     3 |     7 |     9 |    23 |     7 |     3 ||    52
       Potion            |       |     2 |     2 |       |     3 |     4 |       ||    11
 Stab: Sleeping          |     5 |    12 |    12 |    23 |    82 |   167 |       ||   301
       Distracted        |     1 |       |       |     1 |     5 |    22 |       ||    29
Armor: Robe              |     9 |    54 |     3 |       |       |       |       ||    66
       Leather armour    |       |       |   105 |   305 |   477 |    16 |       ||   903
       Skin              |       |       |     4 |       |       |       |       ||     4
       Troll leather arm |       |       |       |       |       |   218 |    35 ||   253
Dodge: Dodged            |    31 |    66 |   166 |   573 |   538 |   547 |    98 ||  2019
Block: Buckler           |       |       |       |    30 |   510 |   368 |    73 ||   981
       Reflection        |       |       |       |       |    16 |    34 |       ||    50
